 Dungeon Crawl Stone Soup version 0.17.0-25-gefc9c12 (webtiles) character file.

48 Raultor the Insei (level 3, 0/23 HPs)
             Began as an Octopode Transmuter on Nov 18, 2015.
             Slain by a gnoll (8 damage)
             ... on level 2 of the Dungeon.
             The game lasted 00:03:02 (1896 turns).

Raultor the Insei (Octopode Transmuter)             Turns: 1896, Time: 00:03:02

Health: 0/23       AC:  1    Str:  9    XL:     3   Next: 72%
Magic:  6/6        EV: 12    Int: 15    God:
Gold:   113        SH:  4    Dex: 13    Spells: 1 memorised, 5 levels left

rFire  . . .     SeeInvis .       - Unarmed
rCold  . . .     Clarity  .     g - +0 buckler
rNeg   . . .     SustAt   .     (helmet restricted)
rPois  .         Gourm    .     (no amulet)
rElec  .         Spirit   .     (no ring)
rCorr  .         Warding  .     (no ring)
rMut   .         Stasis   .     (no ring)
MR     .....                    (no ring)
Stlth  ++........               (no ring)
                                (no ring)
                                (no ring)
                                (no ring)

@: not resistant to hostile enchantments, unstealthy
A: almost no armour, amphibious, 8 rings, constrict 8, camouflage 1, gelatinous
body 1
a: no special abilities


You were on level 2 of the Dungeon.
You were not hungry.

You visited 1 branch of the dungeon, and saw 2 of its levels.

You collected 113 gold pieces.

Inventory:

Missiles
 a - 12 arrows
 h - 131 stones (quivered)
 m - 8 curare-tipped needles
Armour
 g - a +0 buckler (worn)
Scrolls
 f - 2 scrolls of enchant weapon {unknown}
 i - a scroll of identify {unknown}
 j - a scroll of recharging {unknown}
 k - a scroll of amnesia {unknown}
 n - a scroll of random uselessness {unknown}
 r - 2 scrolls of enchant armour {unknown}
Potions
 d - a potion of mutation {unknown}
 e - a potion of curing
 l - a potion of resistance {unknown}
 s - a potion of heal wounds {unknown}
Books
 b - a book of Changes

   Spells                             Type                      Level
   a - Beastly Appendage              Transmutation                1
   b - Sticks to Snakes               Transmutation                2
   c - Spider Form                    Transmutation/Poison         3
   d - Ice Form                       Ice/Transmutation            4
   e - Blade Hands                    Transmutation                5
Comestibles
 c - 3 bread rations
 o - a slice of pizza
 p - 2 meat rations


   Skills:
 + Level 1.3 Fighting
 + Level 2.5 Dodging
 * Level 1.0 Shields
 + Level 3.8 Unarmed Combat
 - Level 2.0 Spellcasting
 - Level 2.1 Transmutations


You had 5 spell levels left.
You knew the following spells:

 Your Spells              Type           Power        Failure   Level  Hunger
a - Beastly Appendage     Trmt           #.....       14%         1    #......


Dungeon Overview and Level Annotations

Branches:
Dungeon (2/15)

Altars:
Ashenzari
Elyvilon
Xom


Innate Abilities, Weirdness & Mutations

You cannot wear most types of armour.
You are amphibious.
You can wear up to eight rings at the same time.
You can use your tentacles to constrict eight enemies at once.
Your skin changes colour to match your surroundings (Stealth).
Your rubbery body absorbs attacks (AC +1).


Message History

You closely miss the kobold.
The gnoll shouts!
Your grab misses the kobold.
The kobold is severely wounded.
You block the kobold's attack.
A gnoll comes into view. It is wielding a club.
The gnoll shouts!
You bludgeon the kobold!
You kill the kobold!
The gnoll hits you!
Found a shattered altar of Ashenzari.
You see here 12 gold pieces.
You closely miss the gnoll. Your grab misses the gnoll.
Your squeeze misses the gnoll. The gnoll hits you.
You barely miss the gnoll. You grab the gnoll. You constrict the gnoll.
You tentacle-slap the gnoll.
The gnoll is lightly wounded.
You constrict the gnoll, but do no damage.
The gnoll hits you!
You die...

..# ._. .#...##......... #.# ....
.....##......... ..####
.....###.#...##......).. .....#
...........# #......... .....#
#.g.# #......... .....####
####g..# #......... #.......#.
#....#.....#......... #.......#.
#..#g#####.#.........
).....#.#.+##.##@# #.........
......#.......##.......#.........
......####....########.#.........
#.....# ##.############.........
#.....# #.............#.#....##
#.....#################.#.#.####
#.....#.....# #.#.#.#
#.....#.....# #######...#.#
#.....#.....# #<##.....##.#


You could see 3 gnolls.

Vanquished Creatures
  A worm (D:2)
  A giant gecko (D:2)
  An orc (D:2)
  2 ball pythons
  2 giant cockroaches (D:1)
  6 goblins
  6 hobgoblins
  5 jackals
  6 kobolds
  3 bats
  2 giant newts (D:1)
  4 rats
39 creatures vanquished.

Notes
Turn   | Place    | Note
--------------------------------------------------------------
     0 | D:1      | Raultor the Octopode Transmuter began the quest for the Orb.
     0 | D:1      | Reached XP level 1. HP: 13/13 MP: 3/3
   115 | D:1      | Reached XP level 2. HP: 4/18 MP: 5/5
   943 | D:1      | Reached XP level 3. HP: 19/23 MP: 6/6
  1485 | D:2      | Reached skill level 1 in Shields
  1629 | D:2      | Found a white marble altar of Elyvilon.
  1664 | D:2      | Found a shimmering altar of Xom.
  1889 | D:2      | Found a shattered altar of Ashenzari.
  1896 | D:2      | Slain by a gnoll

Action                   || total
-------------------------++-------
Melee: Unarmed           ||    86
  Use: Potion            ||     1
 Stab: Sleeping          ||     3
  Eat: Chunk             ||     3
